 Dungeon Crawl Stone Soup version 0.17-a0-1037-gbf358b4 (webtiles) character file.

127 hornqvist the Shield-Bearer (level 5, -3/41 HPs)
             Began as a Formicid Fighter on May 14, 2015.
             Blown up by Ijyb (6 damage)
             ... with a wand of disintegration
             ... on level 3 of the Dungeon.
             The game lasted 00:02:02 (2043 turns).

hornqvist the Shield-Bearer (Formicid Fighter)      Turns: 2043, Time: 00:02:02

Health: -3/41      AC:  8    Str: 22    XL:     5   Next: 33%
Magic:  5/5        EV:  8    Int: 12    God:
Gold:   193        SH: 10    Dex: 10    Spells: 0 memorised, 4 levels left

rFire  . . .     SeeInvis +     a - +0 war axe
rCold  . . .     Clarity  .     b - +0 scale mail
rNeg   . . .     SustAb   .     c - +0 shield
rPois  .         Gourm    .     (helmet unavailable)
rElec  .         Spirit   .     (no cloak)
rCorr  .         Warding  .     r - +0 pair of gloves (curse)
rMut   .         Stasis   +     (no boots)
MR     .....                    (no amulet)
Stlth  ..........               (no ring)
                                n - ring of teleportation (curse)

@: brilliant, not resistant to hostile enchantments, extremely unstealthy
A: permanent stasis, dig shafts and tunnels, four strong arms, antennae 3
a: Dig, Shaft Self, Evoke Teleportation


You were on level 3 of the Dungeon.
You were not hungry.

You visited 1 branch of the dungeon, and saw 3 of its levels.

You collected 193 gold pieces.

Inventory:

Hand weapons
 a - a +0 war axe (weapon)
Armour
 b - a +0 scale mail (worn)
 c - a +0 shield (worn)
 r - a cursed +0 pair of gloves (worn)
Jewellery
 n - a cursed ring of teleportation (left hand)
 q - an uncursed ring of stealth {unknown}
Scrolls
 f - a scroll of fear {unknown}
 k - 5 scrolls of identify {unknown}
 m - a scroll of noise {unknown}
 o - 2 scrolls of blinking {unknown}
 p - 2 scrolls of fog {unknown}
Potions
 d - 4 potions of might
 g - 2 potions of brilliance
 h - a potion of magic {unknown}
 i - 2 potions of haste {unknown}
 j - a potion of flight {unknown}
 l - a potion of cure mutation {unknown}
 u - a potion of ambrosia {unknown}
 v - a potion of cancellation {unknown}
Comestibles
 e - 2 bread rations
 s - a royal jelly
 t - a slice of pizza
 w - 2 chunks of flesh


   Skills:
 - Level 3.2 Fighting
 * Level 3.7 Axes
 + Level 4.1 Armour
 + Level 4.7 Shields


You had 4 spell levels left.
You didn't know any spells.

Dungeon Overview and Level Annotations

Branches:
Dungeon (3/15)

Altars:
Qazlal

Annotations:
D:3 Ijyb


Innate Abilities, Weirdness & Mutations

You are under a permanent stasis effect.
You can dig through walls and to a lower floor.
Your four strong arms can wield two-handed weapons with a shield.
You have a pair of large antennae on your head (SInv).


Message History

You are too injured to fight recklessly!
You are too injured to fight recklessly!
You are too injured to fight recklessly!
You are too injured to fight recklessly!
You are too injured to fight recklessly!
You are too injured to fight recklessly!
You are too injured to fight recklessly!
You are too injured to fight recklessly!
You are too injured to fight recklessly!
You are too injured to fight recklessly!
You are too injured to fight recklessly!
You are too injured to fight recklessly!
You are too injured to fight recklessly!
You are too injured to fight recklessly!
You are too injured to fight recklessly!
Drink which item? (? for menu, Esc to quit)
It was a potion of brilliance.
You feel clever all of a sudden.
Ijyb zaps a wand.
You are blasted!
You die...

#.###...##)#
###.###.#### #.#
#.#.##.# #.# ###
#.# #.#.##.# #.#
..# #.#.##.# #.#
..# ....##†# #.#
.... ....##.# #.#
##### #...###.# #.#
#....
##.####.###########
#.###
#.........@g.....#
#....
######.#########.#
##### .... ##.## #.
#. #.


You could see Ijyb.

Vanquished Creatures
  4 adders
  A gnoll (D:1)
  2 oozes
  5 worms (D:2)
  4 orcs (D:3)
  2 ball pythons (D:2)
  4 giant cockroaches
  6 goblins
  3 hobgoblins
  4 jackals
  6 kobolds
  6 bats
  A giant gecko (D:2)
  4 giant newts
  4 rats (D:1)
56 creatures vanquished.

Notes
Turn   | Place    | Note
--------------------------------------------------------------
     0 | D:1      | hornqvist the Formicid Fighter began the quest for the Orb.
     0 | D:1      | Reached XP level 1. HP: 18/18 MP: 1/1
   292 | D:1      | Reached XP level 2. HP: 24/24 MP: 2/2
   382 | D:1      | Reached skill level 4 in Shields
   546 | D:1      | Reached XP level 3. HP: 12/29 MP: 3/3
   974 | D:2      | Reached XP level 4. HP: 35/35 MP: 4/4
  1189 | D:2      | Found a stormy altar of Qazlal.
  1435 | D:3      | Reached XP level 5. HP: 14/41 MP: 5/5
  2037 | D:3      | Noticed Ijyb
  2043 | D:3      | Blown up by Ijyb

Vault maps used:
D:1:      tarquinn_simple_flora_water_e, minmay_fountain_box
D:2:      overflow_temple_1_default, kennysheep_small_spiral
D:3:      lemuel_round_altar, first_bread, uniq_terence, uniq_iyjb

Action                   |  1- 3 |  4- 6 || total
-------------------------+-------+-------++-------
Melee: War axe           |   106 |    97 ||   203
  Use: Potion            |       |     1 ||     1
  Eat: Chunk             |       |     4 ||     4
